 Dungeon Crawl Stone Soup version 0.28.0-47-ge53b351184 (webtiles) character file.

Game seed: 830407542079803199

565 pkoi the Ruffian (level 6, -4/53 HPs)
             Began as a Demigod Gladiator on May 8, 2022.
             Slain by Pikel
             ... wielding a +2 whip of freezing
              (9 damage)
             ... on level 5 of the Dungeon.
             The game lasted 00:04:18 (6045 turns).

pkoi the Ruffian (Demigod Gladiator)                Turns: 6045, Time: 00:04:18

Health: -4/53      AC:  6    Str: 16 (19) XL:     6   Next: 84%
Magic:  8/8        EV: 11    Int: 14      God:
Gold:   300        SH:  0    Dex: 14 (15) Spells: 5/5 levels left

rFire   . . .      SeeInvis .   g - +1 short sword (elec)
rCold   . . .      Faith    .   (no shield)
rNeg    . . .      Spirit   .   r - +0 ring mail
rPois   +          Reflect  .   b - +0 helmet
rElec   .          Harm     .   (no cloak)
rCorr   .          Rampage  .   (no gloves)
Will    .....                   (no boots)
Stlth   +.........              d - amulet of regeneration
HPRegen 0.97/turn               (no ring)
MPRegen 0.11/turn               (no ring)

@: no status effects
A: high MP 1, forlorn, divine attributes, poison resistance
a: no special abilities


You were on level 5 of the Dungeon.
You visited 1 branch of the dungeon, and saw 5 of its levels.

You collected 300 gold pieces.

Inventory:

Hand Weapons
 e - a +2 short sword of flaming
 g - a +1 short sword of electrocution (weapon)
 n - a +1 whip of holy wrath
Missiles
 c - 3 throwing nets (quivered)
 o - 4 poisoned darts
Armour
 a - a +0 leather armour
 b - a +0 helmet (worn)
 r - a +0 ring mail (worn)
Jewellery
 d - an amulet of regeneration (around neck)
Wands
 m - a wand of iceblast (2)
Scrolls
 f - a scroll of blinking
 h - a scroll of immolation {unknown}
 k - a scroll of teleportation
Potions
 i - a potion of heal wounds


   Skills:
 + Level 4.3 Fighting
 - Level 1.7 Throwing
 + Level 3.2 Armour
 - Level 2.6 Dodging
 + Level 5.1 Unarmed Combat


You had 5 spell levels left.
You didn't know any spells.
Your spell library contained the following spells:

 Spells                   Type           Power      Damage    Failure   Level
 Gell's Gravitas          Tloc           0%         N/A       85%         3
 Teleport Other           Tloc           0%         N/A       85%         3
 Dispersal                Tloc           0%         N/A       100%        6


Dungeon Overview and Level Annotations

Branches:
Dungeon (5/15)
 Temple: D:4-7

Annotations:
D:5 Pikel


Innate Abilities, Weirdness & Mutations

You have an increased reservoir of magic. (+10% MP)
You shall have no god before yourself.
Your divine heritage dramatically boosts your attributes as you level up.
Your system is resistant to poisons. (rPois)


Message History

The arrow hits you.
The centaur unwields a +0 shortbow.
The centaur barely misses you. The centaur closely misses you.
You hit the centaur. Lightning courses through the centaur!!
You kill the centaur!
Pikel hits you with a +2 whip of freezing.
Pikel freezes you.
* * * LOW HITPOINT WARNING * * *
You hit Pikel. Lightning courses through Pikel!
Pikel is moderately wounded.
Pikel hits you with a +2 whip of freezing.
* * * LOW HITPOINT WARNING * * *
Pikel freezes you.
* * * LOW HITPOINT WARNING * * *
You hit Pikel but do no damage. Lightning courses through Pikel!
Pikel is severely wounded.
Pikel hits you with a +2 whip of freezing!
* * * LOW HITPOINT WARNING * * *
Pikel freezes you.
* * * LOW HITPOINT WARNING * * *
You hit Pikel but do no damage.
Pikel is severely wounded.
Pikel says, "You'll make a fine lemure."
Pikel barely misses you.
You hit Pikel but do no damage.
Pikel is severely wounded.
Pikel hits you with a +2 whip of freezing!
* * * LOW HITPOINT WARNING * * *
Pikel freezes you.
* * * LOW HITPOINT WARNING * * *
You hit Pikel.
Pikel is severely wounded.
Pikel hits you with a +2 whip of freezing!
* * * LOW HITPOINT WARNING * * *
Pikel freezes you.
* * * LOW HITPOINT WARNING * * *
You hit Pikel. Lightning courses through Pikel!
Pikel is almost dead.
Pikel hits you with a +2 whip of freezing!
You die...

###...#.## #.....#.##
####.#.###.# #########
#....#.....## .#.
...###########.########### ..
......................... ..
#. #.# ####.............##
....#.###.########.##.........
#
...>.........55K@.........)...
#
.....#.....#######.##.........
# .... #.....# #.##<........ #
S.. ##..### #.###........ # ..
..... #.# #........ # S
...##.. #.. ..).... # #.#. #.#
### #. ... #... o# #.###..
#### .......##...


You could see Pikel and 2 lemures.

Vanquished Creatures
  A water moccasin (D:5)
  A centaur (D:5)
  2 lemures (D:5)
  A kobold brigand (D:4)
  2 scorpions (D:4)
  A bullfrog skeleton (D:5)
  An iguana (D:5)
  5 adders
  An ufetubus (D:4)
  An adder skeleton (D:5)
  2 worms
  7 orcs
  5 bats
  4 endoplasms
  4 giant cockroaches
  7 goblins
  7 hobgoblins
  2 jackals (D:5)
  4 quokkas
  4 ball pythons
  2 frilled lizards
  11 kobolds
  A quokka skeleton (D:4)
  3 rats (D:1)
79 creatures vanquished.

Notes
Turn   | Place    | Note
-------+----------+-------------------------------------------
     0 | D:1      | pkoi the Demigod Gladiator began the quest for the Orb.
     0 | D:1      | Reached XP level 1. HP: 17/17 MP: 3/3
   160 | D:1      | Reached skill level 3 in Unarmed Combat
   317 | D:1      | Reached XP level 2. HP: 23/24 MP: 4/4
  1001 | D:2      | Reached XP level 3. HP: 30/30 MP: 5/5
  2903 | D:3      | Reached XP level 4. HP: 37/37 MP: 6/6
  3004 | D:3      | Reached skill level 1 in Armour
  3004 | D:3      | Reached skill level 4 in Unarmed Combat
  3722 | D:4      | Reached XP level 5. HP: 20/45 MP: 7/7
  3731 | D:4      | HP: 2/45 [poisoned by a scorpion]
  4547 | D:4      | HP: 2/45 [poisoned by a scorpion]
  5049 | D:4      | Gained mutation: Your system is resistant to poisons.
                  | (rPois) [potion of mutation]
  5066 | D:4      | Reached XP level 6. HP: 47/52 MP: 8/8
  5279 | D:5      | Entered Level 5 of the Dungeon
  5555 | D:5      | Noticed a water moccasin
  5573 | D:5      | Killed a water moccasin
  5574 | D:5      | Reached skill level 5 in Unarmed Combat
  6017 | D:5      | Noticed Pikel
  6045 | D:5      | Slain by Pikel

Illustrated notes

Levels and vault maps discovered:
D:1:      saegor_arrival_simple_d, layout_rooms,
          dreamdust_ecumenical_altar_grove, serial_bayou_ford_a,
          minmay_misc_feat_cross
D:2:      wad_pebble_path, layout_basic
D:3:      layout_loops_cross, chequers_avenue
D:4:      nicolae_cairo_tiling_very_big, layout_gridville
D:5:      layout_basic, minivault_4, minmay_starry_boxes, uniq_menkaure,
          uniq_pikel

Skill      XL: |  1  2  3  4  5  6 |
---------------+-------------------+-----
Fighting       | 2 3 4 |  4.3
Unarmed Combat | 3 4 5 |  5.1
Armour         | 1 2 3 |  3.2
Throwing       | |  1.7
Dodging        | |  2.6

Action                   |  1- 3 |  4- 6 || total
-------------------------+-------+-------++-------
Melee: Unarmed           |   101 |       ||   101
       Punch             |     4 |     5 ||     9
       Short sword       |    50 |   148 ||   198
Evoke: Wand              |       |     1 ||     1
  Use: Scroll            |     2 |     4 ||     6
       Potion            |       |     6 ||     6
 Stab: Sleeping          |     1 |     2 ||     3
Armor: Leather armour    |    58 |     6 ||    64
       Ring mail         |       |    37 ||    37
Dodge: Dodged            |    94 |    96 ||   190
